 Dungeon Crawl Stone Soup version 0.29-a0-553-g81b289dbe5 (webtiles) character file.

Game seed: 4050645262042804537

1697 iguanaiguana the Slinger (level 8, 0/78 HPs)
             Began as a Minotaur Hunter on June 7, 2022.
             Succumbed to Duvessa's poison
             ... on level 5 of the Dungeon.
             The game lasted 00:17:58 (5668 turns).

iguanaiguana the Slinger (Minotaur Hunter)          Turns: 5668, Time: 00:17:58

Health: 0/78       AC:  7    Str: 18 (19) XL:     8   Next: 72%
Magic:  7/7        EV: 11    Int:  6      God:
Gold:   230        SH:  0    Dex: 13      Spells: 7/7 levels left

rFire   + . .      SeeInvis .   a - +1 hunting sling
rCold   . . .      Faith    .   (no shield)
rNeg    . . .      Spirit   .   d - +0 ring mail
rPois   .          Reflect  .   (helmet restricted)
rElec   .          Harm     .   (no cloak)
rCorr   .          Rampage  .   (no gloves)
Will    .....                   (no boots)
Stlth   +.........              (no amulet)
HPRegen 0.23/turn               n - ring of protection from fire
MPRegen 0.10/turn               (no ring)

@: lethally poisoned (0 -> -5)
A: horns 2, retaliatory headbutt
a: no special abilities


You were on level 5 of the Dungeon.
You visited 1 branch of the dungeon, and saw 5 of its levels.
You also visited: Sewer.

You collected 230 gold pieces.

Inventory:

Hand Weapons
 a - a +1 hunting sling (weapon)
 g - a +0 dagger
 p - a +0 war axe
Missiles
 i - 33 poisoned darts
 j - a curare-tipped dart
 t - 2 boomerangs
 u - a boomerang of dispersal
Armour
 b - a +0 leather armour
 d - a +0 ring mail (worn)
 r - a +0 cloak
Jewellery
 n - a ring of protection from fire (left hand)
Wands
 q - a wand of polymorph (8)
Scrolls
 c - a scroll of fog
 e - a scroll of fear
 f - a scroll of teleportation {@r3}
 k - a scroll of immolation
 o - 3 scrolls of blinking {@r4}
 v - a scroll of amnesia {unknown}
Potions
 h - a potion of magic
 m - 2 potions of mutation


   Skills:
 - Level 9.4 Fighting
 + Level 11.7 Slings
 - Level 9.0 Armour
 - Level 2.1 Dodging
 - Level 0.7 Stealth


You had 7 spell levels left.
You didn't know any spells.
Your spell library contained the following spells:

 Spells                   Type           Power      Damage    Failure   Level
 Stone Arrow              Conj/Erth      0%         3d7       94%         3
 Animate Armour           Summ/Erth      0%         N/A       100%        4
 Lehudib's Crystal Spear  Conj/Erth      0%         10d2      100%        8


Dungeon Overview and Level Annotations

Branches:
Dungeon (5/15)             Temple (0/1) D:5           Sewer (visited)

Altars:
Vehumet
The Shining One

Shops:
D:1 (

Annotations:
D:5 Dowan


Innate Abilities, Weirdness & Mutations

You have a pair of horns on your head.
You reflexively headbutt those who attack you in melee.


Message History

Press: ? - help, Shift-Dir - straight line, f - Dowan
Aim: Dowan, wielding a +0 dagger and wearing a +0 robe (lightly wounded, fast, 57% to hit)
You shoot a sling bullet. The sling bullet closely misses Dowan.
You feel very sick.
Dowan points at you and mumbles some strange words.
The stone arrow hits you!!
* * * LOW HITPOINT WARNING * * *
Fire: a) +1 hunting sling
Press: ? - help, Shift-Dir - straight line, f/p - Dowan
Aim: Dowan, wielding a +0 dagger and wearing a +0 robe (lightly wounded, fast, 57% to hit)
You shoot a sling bullet. The sling bullet closely misses Dowan.
You feel very sick.
Fire: a) +1 hunting sling
Press: ? - help, Shift-Dir - straight line, f/p - Dowan
Aim: Dowan, wielding a +0 dagger and wearing a +0 robe (lightly wounded, fast, 57% to hit)
You shoot a sling bullet. The sling bullet barely misses Dowan.
Dowan hits you with a +0 dagger.
* * * LOW HITPOINT WARNING * * *
Dowan gestures at you while chanting. The shard of ice hits you!!
* * * LOW HITPOINT WARNING * * *
Okay, then.
Okay, then.
As you read the scroll of fear, it crumbles to dust.
You assume a fearsome visage.
Dowan looks frightened!
* * * LOW HITPOINT WARNING * * *
Dowan mumbles some strange words.
Dowan blinks!
Dowan casts a spell.
Dowan blinks!
Okay, then.
Throw: 2 darts (curare)
Press: ? - help, Shift-Dir - straight line, f/p - Dowan
Aim: Dowan, wielding a +0 dagger and wearing a +0 robe (lightly wounded, fast, fleeing, 56% to hit)
You throw a curare-tipped dart. The curare-tipped dart hits Dowan.
Dowan is poisoned.
Dowan convulses.
Dowan seems to slow down.
Your attack snaps Dowan out of his fear.
Dowan is lightly wounded.
You die...

#.##...###..........#
#.#.#.#.##.########.#
#..##.##.#.# #⌠8⌠#.#
#..##......# +...# #
#g.#####...# #..(#
#.#.###..#.# +.[.#
#.##...#...# ...
#...####...#####)##.#
#.#.# #.#......@§..#
#.#.# #.e......#####
#.#.# ########.#
..#.# #.# .##.# #.#
.##.# #.# .##.# #.#
)##.# #.# ..#.# #.#


You could see Dowan (fast, very poisoned, slow).

Vanquished Creatures
  A water moccasin (D:5)
  A black bear (D:4)
  A centaur (D:5)
  An ogre (D:3)
  9 kobold brigands (Sewer)
  A howler monkey (D:4)
  A jelly (D:5)
  3 orc priests
  A hound (D:4)
  4 iguanas
  Ijyb (D:5)
  11 adders
  2 river rats
  A white imp (D:5)
  An ufetubus (D:4)
  5 worms
  A dart slug (D:2)
  19 orcs
  10 endoplasms
  3 giant cockroaches
  6 goblins
  5 hobgoblins
  5 kobolds
  5 quokkas
  8 ball pythons
  4 bats
  5 frilled lizards
  12 rats
  A bush (D:3)
128 creatures vanquished.

Vanquished Creatures (others)
  9 plants (D:3)
9 creatures vanquished.

Grand Total: 137 creatures vanquished

Notes
Turn   | Place    | Note
-------+----------+-------------------------------------------
     0 | D:1      | iguanaiguana the Minotaur Hunter began the quest for the
                  | Orb.
     0 | D:1      | Reached XP level 1. HP: 18/18 MP: 0/0
   309 | D:1      | Found a faded altar of an unknown god.
   328 | D:1      | Reached XP level 2. HP: 22/25 MP: 1/1
   359 | D:1      | Found Unlater's Weapon Shop.
   433 | D:1      | Reached skill level 5 in Slings
   824 | D:2      | Found a glowing golden altar of the Shining One.
   965 | D:2      | Reached XP level 3. HP: 30/30 MP: 2/2
  1346 | D:3      | Noticed an ogre
  1349 | D:3      | Killed an ogre
  1350 | D:3      | Reached skill level 6 in Slings
  1350 | D:3      | Reached XP level 4. HP: 17/37 MP: 3/3
  1892 | D:3      | Reached skill level 7 in Slings
  1892 | D:3      | Reached XP level 5. HP: 42/42 MP: 4/4
  2505 | D:4      | Noticed a black bear
  2513 | D:4      | Reached skill level 9 in Slings
  2513 | D:4      | Reached XP level 6. HP: 64/64 MP: 5/5
  2776 | D:4      | Found a glowing drain.
  2800 | D:4      | Reached XP level 7. HP: 43/70 MP: 6/6
  2818 | Sewer    | Entered a sewer
  2979 | Sewer    | Reached skill level 10 in Slings
  3605 | Sewer    | Reached skill level 11 in Slings
  3605 | Sewer    | Reached XP level 8. HP: 53/78 MP: 7/7
  4313 | D:4      | Found a radiant altar of Vehumet.
  4615 | D:5      | Entered Level 5 of the Dungeon
  4966 | D:5      | Found a staircase to the Ecumenical Temple.
  5531 | D:5      | Noticed Ijyb
  5576 | D:5      | Killed Ijyb
  5653 | D:5      | Noticed Duvessa
  5653 | D:5      | Noticed Dowan
  5654 | D:5      | Noticed Duvessa
  5654 | D:5      | Duvessa changed into Duvessa the centaur
  5663 | D:5      | Killed Duvessa the centaur
  5666 | D:5      | HP: 3/78 [Dowan/shard of ice (18)]
  5667 | D:5      | HP: 1/78 [poisoned by Duvessa]
  5668 | D:5      | Succumbed to Duvessa's poison

Illustrated notes

Levels and vault maps discovered:
D:1:      zelgadis_glass_arrival_large, layout_basic,
          shapermc_ecumenical_altar_petra, serial_shops, shop,
          minmay_door_square
D:2:      layout_rooms, basic_altar, minivault_25
D:3:      layout_rooms, serial_forest, infiniplex_forest_clump_C,
          infiniplex_forest_corner_1, infiniplex_forest_clump_large,
          infiniplex_forest_end_double, infiniplex_forest_end_3,
          infiniplex_forest_straight_3
D:4:      layout_rooms, vehumet_crystals, serial_glass, glass_columns_a,
          glass_columns_a, glass_columns_c, glass_columns_a, glass_columns_a,
          glass_columns_b, glass_columns_a, glass_columns_a, glass_columns_b,
          glass_columns_c, enter_ossuary_5, portal_sewer_entry_a,
          kennysheep_crisscross
D:5:      dreamdust_elfheim, layout_loops_ring, minitemple,
          minmay_temple_entry_wispy, corexii_corridor_pit, uniq_ijyb

Skill      XL: |  1  2  3  4  5  6  7 |
---------------+----------------------+-----
Slings         | 5 6 7 9 11 | 11.7
Fighting       | 9 |  9.4
Armour         | 9 |  9.0
Dodging        | |  2.1
Stealth        | |  0.7

Action                   |  1- 3 |  4- 6 |  7- 9 || total
-------------------------+-------+-------+-------++-------
Melee: War axe           |       |    35 |       ||    35
       Headbutt          |       |    16 |       ||    16
       Hunting sling     |       |     2 |     1 ||     3
       Unarmed           |       |       |     3 ||     3
 Fire: Hunting sling     |    84 |   136 |   298 ||   518
Throw: Dart              |       |       |     1 ||     1
Evoke: Wand              |       |     1 |     5 ||     6
  Use: Scroll            |     1 |     6 |     3 ||    10
       Potion            |       |     4 |     3 ||     7
Armor: Ring mail         |     6 |    55 |    35 ||    96
Dodge: Dodged            |    21 |    66 |    78 ||   165

Table legend: (Time is in decaauts)
 A = Elapsed time spent in this place.
 B = Non-inter-level travel time spent in this place.
 C = Inter-level travel time spent in this place.
 D = Time resting spent in this place.
 E = Time spent auto-exploring this place.
 F = Levels seen in this place.
 G = Mean time per level.
                   A        B        C        D        E       F      G
               +--------+--------+--------+--------+--------+-----+--------+
         Total |   5914 |   5565 |    349 |    945 |   3592 |   6 |  985.7 |
       Dungeon |   4434 |   4085 |    349 |    739 |   2573 |   5 |  886.8 |
         Sewer |   1479 |   1479 |      0 |    206 |   1019 |   1 | 1479.0 |
               +--------+--------+--------+--------+--------+-----+--------+

Top non-repeatable levels by time:
   Sewer: 1479 daAuts
     D:3: 1256 daAuts
     D:5: 1044 daAuts
     D:4: 872 daAuts
     D:1: 632 daAuts
     D:2: 629 daAuts
